 Dungeon Crawl Stone Soup version 0.30.0 (webtiles) character file.

Game seed: 10570869040306989093

89 malesh the Vexing (level 4, -4/32 HPs)
             Began as a Barachi Hexslinger on May 10, 2023.
             Slain by Terence
             ... wielding a +2 heavy mace
              (11 damage)
             ... on level 2 of the Dungeon.
             The game lasted 00:08:57 (1622 turns).

malesh the Vexing (Barachi Hexslinger)              Turns: 1622, Time: 00:08:57

Health: -4/32      AC:  2    Str: 11    XL:     4   Next: 55%
Magic:  3/5        EV: 12    Int: 14    God:
Gold:   162        SH:  0    Dex: 14    Spells: 2/5 levels left

rFire   . . .        a - +1 sling
rCold   . . .        (no shield)
rNeg    . . .        c - +0 robe
rPois   .            (no helmet)
rElec   .            (no cloak)
rCorr   .            (no gloves)
SInv    .            (no boots)
Will    .....        (no amulet)
Stlth   +            (no ring)
HPRegen 0.25/turn    (no ring)
MPRegen 0.09/turn

%: no passive effects
@: unable to hop, very slightly contaminated, slow
A: amphibious, slowness 1, strong legs 1, +LOS
a: Hop


You were on level 2 of the Dungeon.
You visited 1 branch of the dungeon, and saw 3 of its levels.

You collected 162 gold pieces.

Inventory:

Hand Weapons
 a - a +1 sling (weapon)
 m - a +2 dagger of freezing
Armour
 c - a +0 robe (worn)
Scrolls
 b - a scroll of poison
 d - 2 scrolls of butterflies
 i - a scroll of enchant armour
 j - a scroll of fog {unknown}
 l - a scroll of silence {unknown}
 n - a scroll of teleportation {unknown}
Potions
 e - a potion of heal wounds {unknown}
 g - a potion of might {unknown}
 h - 2 potions of attraction
 k - a potion of invisibility {unknown}


   Skills:
 + Level 1.5 Fighting
 + Level 3.7 Ranged Weapons
 + Level 2.5 Dodging
 + Level 1.1 Spellcasting
 + Level 4.0 Hexes


You had 2 spell levels left.
You knew the following spells:

 Your Spells              Type           Power      Damage    Failure   Level
a - Slow                  Hex            48%        N/A       4%          1
b - Ensorcelled Hibernat  Hex/Ice        12%        N/A       17%         2

Your spell library contained the following spells:

 Spells                   Type           Power      Damage    Failure   Level
 Kiss of Death            Conj/Necr      0%         2d5       26%         1
 Passwall                 Tmut/Erth      0%         N/A       36%         2
 Confusing Touch          Hex            12%        N/A       14%         3
 Inner Flame              Hex/Fire       6%         N/A       32%         3
 Portal Projectile        Hex/Tloc       12%        N/A       32%         3
 Cause Fear               Hex            6%         N/A       43%         4
 Swiftness                Air            0%         N/A       61%         3
 Dispel Undead            Necr           0%         3d6       95%         4


Dungeon Overview and Level Annotations

Branches:
Dungeon (3/15)

Altars:

Annotations:
D:2 Terence
D:3 Ijyb


Innate Abilities, Weirdness & Mutations

You are amphibious.
You cover ground slowly.
You can hop short distances.
You have an extended range of vision and can be seen from far away.


Message History

You miscast Slow.
You are very lightly contaminated with residual magic.
Nothing appears to happen.
Terence barely misses you.
Casting: Slow (safe; 4% risk of failure)
Confirm with . or Enter, or press ? or * to list all spells.
Aiming: Slow (safe; 4% risk of failure)
Press: ? - help, Shift-Dir - straight line, f/p - Terence
Aim: Terence, wielding a +2 heavy mace and wearing a +3 chain mail of willpower (moderately wounded, chance to affect: 21%) Terence resists with almost no effort.
Terence hits you with a +2 heavy mace!
Unknown command.
You are too injured to fight recklessly!
Fire: a) +1 sling
Press: ? - help, Shift-Dir - straight line, f/p - Terence
Aim: Terence, wielding a +2 heavy mace and wearing a +3 chain mail of willpower (moderately wounded, 65% to hit)
You shoot a sling bullet.
The sling bullet hits Terence but does no damage.
Terence is moderately wounded.
Fire: a) +1 sling
Press: ? - help, Shift-Dir - straight line, f/p - Terence
Aim: Terence, wielding a +2 heavy mace and wearing a +3 chain mail of willpower (moderately wounded, 65% to hit)
You shoot a sling bullet.
The sling bullet hits Terence but does no damage.
Terence is moderately wounded.
Terence closely misses you.
Fire: a) +1 sling
Press: ? - help, Shift-Dir - straight line, f/p - Terence
Aim: Terence, wielding a +2 heavy mace and wearing a +3 chain mail of willpower (moderately wounded, 65% to hit)
You shoot a sling bullet.
The sling bullet hits Terence but does no damage.
Terence is moderately wounded.
Terence hits you with a +2 heavy mace.
* * * LOW HITPOINT WARNING * * *
Fire: a) +1 sling
Press: ? - help, Shift-Dir - straight line, f/p - Terence
Aim: Terence, wielding a +2 heavy mace and wearing a +3 chain mail of willpower (moderately wounded, 65% to hit)
You shoot a sling bullet.
The sling bullet hits Terence but does no damage.
Terence is moderately wounded.
Terence hits you with a +2 heavy mace!
You die...

######## #........ ##......##
#........ ##........## ########
#........ #..........#
#......###........ #..........#
#.......##........ #..........#
#.......[......... #..........#
#......####.......
#..........####.#######........
##...>>(..#..@@.....[..........
##..........###.#######........
#.............#.## #........
#..........##....######........
#..........####.......##.......
#.....<....# #..#####..........
#..........# #.## ######...รท.
##........## #.# ###.##.
##......## ##.# #...##.


You could see Terence.

Vanquished Creatures
  An orc wizard (D:3)
  An adder (D:2)
  3 dart slugs
  6 orcs
  6 ball pythons
  6 endoplasms
  4 goblins
  4 hobgoblins
  2 quokkas
  A bat (D:2)
  5 frilled lizards
  4 rats
43 creatures vanquished.

Notes
Turn   | Place    | Note
-------+----------+-------------------------------------------
     0 | D:1      | malesh the Barachi Hexslinger began the quest for the Orb.
     0 | D:1      | Reached XP level 1. HP: 15/15 MP: 2/2
   125 | D:1      | Reached XP level 2. HP: 16/21 MP: 3/3
   335 | D:1      | Reached skill level 4 in Hexes
   517 | D:1      | Learned a level 2 spell: Ensorcelled Hibernation
   535 | D:2      | Reached XP level 3. HP: 21/26 MP: 2/4
  1116 | D:2      | You fall into a shaft and drop 1 floor!
  1288 | D:3      | Reached XP level 4. HP: 32/32 MP: 5/5
  1521 | D:3      | Noticed Ijyb
  1601 | D:3      | Noticed Terence
  1622 | D:2      | Slain by Terence

Illustrated notes

Levels and vault maps discovered:
D:1:      tarquinn_simple_flora_water_e, layout_basic
D:2:      layout_rooms, minmay_misc_feat_roman
D:3:      layout_basic, basic_ecumenical_altar, corexii_leaking_fountain,
          uniq_robin, uniq_terence, uniq_ijyb

Skill      XL: |  1  2  3 |
---------------+----------+-----
Hexes          | 4 |  4.0
Ranged Weapons | 3 |  3.7
Fighting       | |  1.5
Dodging        | |  2.5
Spellcasting   | |  1.1

Action                     |  1- 3 |  4- 6 || total
---------------------------+-------+-------++-------
   Fire: Sling             |   107 |    34 ||   141
   Cast: Slow              |     4 |     8 ||    12
Ability: Hop               |       |     1 ||     1
    Use: Scroll            |       |     3 ||     3
 Armour: Robe              |     6 |     1 ||     7
  Dodge: Dodged            |    29 |    15 ||    44
